 Dungeon Crawl Stone Soup version 0.25.0-11-g1f837a76a1 (webtiles) character file.

Game seed: 10061523324719408482

57 dvd2 the Chopper (level 3, -2/36 HPs)
             Began as a Troll Monk on June 25, 2020.
             Killed from afar by Natasha (5 damage)
             ... with a magic dart
             ... on level 2 of the Dungeon.
             The game lasted 00:02:28 (1057 turns).

dvd2 the Chopper (Troll Monk)                       Turns: 1057, Time: 00:02:29

Health: -2/36      AC:  7    Str: 20    XL:     3   Next: 73%
Magic:  2/2        EV: 10    Int:  6    God:
Gold:   107        SH:  0    Dex: 12    Spells: 2/2 levels left

rFire    . . .     SeeInvis .   a - +0 hand axe
rCold    . . .     Gourm    +   (no shield)
rNeg     . . .     Faith    .   b - +0 robe
rPois    .         Spirit   .   (helmet restricted)
rElec    .         Reflect  .   f - +0 cloak
rCorr    .         Harm     .   (gloves unavailable)
MR       .....                  (boots unavailable)
Stlth    ++........             (no amulet)
HPRegen  0.52/turn              (no ring)
MPRegen  0.08/turn              (no ring)

@: no status effects
A: large, unfitting armour, claws 3, fast metabolism 3, gourmand, regeneration
1, shaggy fur 1, tough skin 3
a: no special abilities


You were on level 2 of the Dungeon.
You were very full.

You visited 1 branch of the dungeon, and saw 2 of its levels.

You collected 107 gold pieces.

Inventory:

Hand Weapons
 a - a +0 hand axe (weapon)
Armour
 b - a +0 robe (worn)
 f - a +0 cloak (worn)
Scrolls
 d - 4 scrolls of identify {unknown}
 e - a scroll of teleportation {unknown}
 g - 2 scrolls of random uselessness {unknown}
 i - a scroll of remove curse {unknown}
Potions
 h - a potion of lignification {unknown}
Comestibles
 c - 3 rations


   Skills:
 + Level 2.8 Fighting
 + Level 3.2 Axes
 + Level 2.8 Dodging
 + Level 1.1 Stealth


You had 2 spell levels left.
You didn't know any spells.
Your spell library was empty.

Dungeon Overview and Level Annotations

Branches:
Dungeon (2/15)

Altars:

Annotations:
D:2 Natasha


Innate Abilities, Weirdness & Mutations

You are too large for most types of armour.
You have claws for hands.
Your metabolism is lightning-fast.
You like to eat raw meat.
Your natural rate of healing is unusually fast.
You are covered in fur. (AC +1)
You have extremely tough skin. (AC +3)


Message History

The bat hits you but does no damage.
Found a scroll labeled FUIWOA SOCEA.
You miss Natasha. You closely miss the bat. The bat barely misses you.
Natasha claws you. Natasha casts a spell at you.
The magic dart hits you but does no damage.
You closely miss Natasha. The bat hits you but does no damage.
Natasha claws you.
You closely miss Natasha. The bat closely misses you.
Natasha claws you but does no damage.
You hit Natasha but do no damage. The bat hits you.
The bat hits you but does no damage. Natasha claws you!
You closely miss Natasha. You hit the bat.
You kill the bat!
Natasha claws you!
* * * LOW HITPOINT WARNING * * *
Unknown command.
Natasha casts a spell at you. The magic dart hits you.
You die...

#############
............##
###............#
#...#..#..#..#.?
#.#..#..#..#..#.
#..#..#..#..#...
#...#..#..#..#..
#.#÷.#..#..#..#.
#......@.h......
##
##...#####.###..
.# ### ##.### ..
.# ##.####..# ##
.###.#.....##
.##.###.#.######
.###.#>........#
.###..###.####.#
..÷...# #.#


You could see Natasha.

Vanquished Creatures
  2 adders (D:2)
  An ooze (D:1)
  A worm (D:2)
  A leopard gecko (D:1)
  2 bats (D:2)
  A giant cockroach (D:1)
  2 goblins (D:1)
  4 hobgoblins (D:1)
  7 kobolds (D:1)
  A quokka (D:2)
  A ball python (D:2)
  2 frilled lizards (D:1)
  9 rats
34 creatures vanquished.

Notes
Turn   | Place    | Note
-------+----------+-------------------------------------------
     0 | D:1      | dvd2 the Troll Monk began the quest for the Orb.
     0 | D:1      | Reached XP level 1. HP: 22/22 MP: 0/0
    59 | D:1      | Reached XP level 2. HP: 23/29 MP: 1/1
   771 | D:1      | Reached XP level 3. HP: 36/36 MP: 2/2
   918 | D:2      | Reached skill level 3 in Axes
  1031 | D:2      | Noticed Natasha
  1057 | D:2      | Killed from afar by Natasha

Illustrated notes

Levels and vault maps discovered:
D:1:      dpeg_arrival_ratfight, layout_basic
D:2:      layout_loops_ring, xom_teletrap_fun, nrook_uturn,
          minmay_misc_feat_diagonals, uniq_natasha

Skill      XL: |  1  2  3 |
---------------+----------+-----
Axes           | 3 |  3.2
Fighting       | |  2.8
Dodging        | |  2.8
Stealth        | |  1.1

Action                   || total
-------------------------++-------
Melee: Hand axe          ||   100
 Stab: Sleeping          ||     2
  Eat: Chunk             ||    13
Armor: Robe              ||    52
Dodge: Dodged            ||    53
